 Dungeon Crawl Stone Soup version 0.24.1-5-g77f818bfca (webtiles) character file.

Game seed: 4116885209753459041, levelgen mode: deterministic

53 lepoulpe303 the Sneak (level 3, -1/16 HPs)
             Began as a Spriggan Enchanter on Apr 23, 2020.
             Slain by a phantom (8 damage)
             ... on level 2 of the Dungeon.
             The game lasted 00:08:30 (2589 turns).

lepoulpe303 the Sneak (Spriggan Enchanter)          Turns: 2589, Time: 00:08:31

Health: -1/16      AC:  2    Str:  4    XL:     3   Next: 64%
Magic:  1/8        EV: 18    Int: 17    God:
Gold:   26         SH:  0    Dex: 16    Spells: 1/7 levels left

rFire    . . .     SeeInvis +   n - +0 rapier
rCold    . . .     Gourm    .   (shield restricted)
rNeg     . . .     Faith    .   b - +0 robe
rPois    .         Spirit   .   (helmet restricted)
rElec    .         Reflect  .   (no cloak)
rCorr    .         Harm     .   (gloves unavailable)
MR       .....                  (boots unavailable)
Stlth    +++.......             (no amulet)
HPRegen  0.05/turn              (no ring)
MPRegen  0.11/turn              (no ring)

@: very slightly contaminated, very quick
A: very small, unfitting armour, see invisible, herbivore, speed 3, slow
metabolism 2
a: no special abilities


You were on level 2 of the Dungeon.
You were hungry.

You visited 1 branch of the dungeon, and saw 2 of its levels.

You collected 26 gold pieces.

Inventory:

Hand Weapons
 a - a +2 dagger of protection
 n - a +0 rapier (weapon)
Armour
 b - a +0 robe (worn)
Scrolls
 c - 2 scrolls of teleportation {unknown}
 i - 3 scrolls of remove curse {unknown}
 l - a scroll of identify {unknown}
 o - a scroll of magic mapping {unknown}
Potions
 d - a potion of curing {unknown}
 f - 3 potions of magic {unknown}
 g - a potion of heal wounds {unknown}
 h - a potion of brilliance {unknown}
 j - a potion of might {unknown}
 k - a potion of resistance {unknown}
 m - a potion of invisibility {unknown}
 p - a potion of agility {unknown}
Comestibles
 e - 3 rations


   Skills:
 + Level 2.8 Short Blades
 - Level 3.0 Dodging
 + Level 6.0 Stealth
 - Level 2.6 Spellcasting
 - Level 3.6 Hexes


You had one spell level left.
You knew the following spells:

 Your Spells              Type           Power        Failure   Level  Hunger
a - Ensorcelled Hibernat  Hex/Ice        #.....       13%         2    ##.....
c - Confuse               Hex            ##......     12%         3    ###....
v - Corona                Hex            ##.....      4%          1    #......

Your spell library contained the following spells:

 Spells                   Type           Power        Failure   Level  Hunger
 Tukima's Dance           Hex            ##......     12%         3    ###....
 Dazzling Spray           Conj/Hex       #.....       26%         3    ###....


Dungeon Overview and Level Annotations

Branches:
Dungeon (2/15)

Altars:


Innate Abilities, Weirdness & Mutations

You are very small and have problems with some larger weapons.
You are too small for most types of armour.
You have supernaturally acute eyesight. (SInv)
You are a herbivore.
You cover ground extremely quickly.
You need to consume almost no food.


Message History

You catch the helpless phantom completely off-guard!
You puncture the phantom! The phantom misses you.
You barely miss the phantom.
The phantom seems less confused.
The phantom hits you!
Ouch! That really hurt!
* * * LOW HITPOINT WARNING * * *
You take 9 damage, and have 7/16 hp.
MASSIVE DAMAGE!!
You hit the phantom but do no damage. The phantom completely misses you.
You hit the phantom but do no damage. The phantom misses you.
The phantom barely misses you.
Aim: a phantom (severely damaged, chance to defeat MR: 28%)
The phantom appears confused.
* * * LOW MAGIC WARNING * * *
You are feeling hungry.
You now have 0/8 mp.
You hit the phantom but do no damage. You hit the phantom but do no damage.
The phantom hits you!
Ouch! That really hurt!
You die...

#..♣.... ## #.♣_♣!# ##..
#########..♣..# #...
#.............# ..#
.........>...####.#
..................# ######.
.................#####.......
................÷......# #
...............W@.###### .# #
.....................########.#..
..............###..#............#
.....[.......## ##.....###.....##
#...........## #####.....##....
######....### #..##.......
#...###### #.######.###
#........# #.# ..
#...####.########.# #


You could see a phantom (confused).

Levels and vault maps discovered:
D:1:      nzn_arrival_water_spiral, layout_loops_ring, minmay_octomino_j4
D:2:      layout_rooms, first_ration, chequers_ecumenical_altar_simple,
          minivault_24

Notes
Turn   | Place    | Note
-------+----------+-------------------------------------------
     0 | D:1      | lepoulpe303 the Spriggan Enchanter began the quest for the
                  | Orb.
     0 | D:1      | Reached XP level 1. HP: 9/9 MP: 5/5
    17 | D:1      | Identified a +0 dagger
    70 | D:1      | Identified a +0 dagger
    81 | D:1      | Identified a +0 whip
   130 | D:1      | Reached XP level 2. HP: 9/13 MP: 6/6
   309 | D:1      | Reached skill level 5 in Stealth
   338 | D:1      | Identified a +0 club
   343 | D:1      | Identified a +0 club
   351 | D:1      | HP: 3/13 [hobgoblin/+0 club (6)]
   373 | D:1      | Learned a level 2 spell: Ensorcelled Hibernation
   820 | D:1      | Reached skill level 2 in Short Blades
   854 | D:1      | Identified a +0 club
   863 | D:1      | Identified a +0 club
   907 | D:1      | Identified a +0 short sword
   909 | D:1      | Identified a +0 club
   991 | D:1      | HP: 3/13 [jackal (1)]
   996 | D:1      | HP: 2/13 [jackal (1)]
  1006 | D:1      | HP: 1/13 [jackal (2)]
  1158 | D:1      | Identified a +1 dagger
  1600 | D:1      | Reached XP level 3. HP: 16/16 MP: 8/8
  1610 | D:1      | Identified a +0 hand axe
  1610 | D:1      | Identified a +0 leather armour
  1687 | D:1      | Identified a +0 short sword (You found it on level 1 of the
                  | Dungeon)
  1697 | D:1      | Identified a +0 club
  1746 | D:1      | Identified a +2 dagger of protection
  1830 | D:1      | Identified a +0 club
  2139 | D:2      | Found a faded altar of an unknown god.
  2228 | D:2      | Noticed a phantom
  2239 | D:2      | Learned a level 3 spell: Confuse
  2260 | D:2      | HP: 2/16 [phantom (8)]
  2533 | D:2      | Identified a +0 dagger
  2543 | D:2      | Reached skill level 6 in Stealth
  2569 | D:2      | Identified a +0 rapier (You found it on level 2 of the
                  | Dungeon)
  2589 | D:2      | Slain by a phantom

Table legend:
 A = Turns spent in this place as a percentage of turns spent in the entire game.
 B = Non-inter-level travel turns spent in this place as a percentage of non-inter-level travel turns spent in the entire game.
 C = Inter-level travel turns spent in this place as a percentage of turns spent in this place.
 D = Turns resting spent in this place as a percentage of non-inter-level travel turns spent in this place.
 E = Turns spent auto-exploring this place as a percentage of non-inter-level travel turns spent in this place.
 F = Non-inter-level travel turns spent in this place divided by the number of levels of this place that you've seen.
                   A       B       C       D       E      F
               +-------+-------+-------+-------+-------+----------------------
         Total | 100.0 | 100.0 |   1.3 |  45.3 |  24.5 | 1278.0
       Dungeon | 100.0 | 100.0 |   1.3 |  45.3 |  24.5 | 1278.0
               +-------+-------+-------+-------+-------+----------------------

Table legend:
 A = Kills in this place as a percentage of kills in entire the game.
 B = Kills by you in this place as a percentage of kills by you in the entire game.
 C = Kills by friends in this place as a percentage of kills by friends in the entire game.
 D = Other kills in this place as a percentage of other kills in the entire game.
 E = Experience gained in this place as a percentage of experience gained in the entire game.
 F = Experience gained in this place divided by the number of levels of this place that you have seen.
                   A       B       C       D       E      F
               +-------+-------+-------+-------+-------+----------------------
         Total | 100.0 | 100.0 |   N/A |   N/A | 100.0 |  38.5
       Dungeon | 100.0 | 100.0 |   N/A |   N/A | 100.0 |  38.5
               +-------+-------+-------+-------+-------+----------------------

Skill      XL: |  1  2  3 |
---------------+----------+-----
Stealth        | 5 6 |  6.0
Short Blades   | 2 |  2.8
Dodging        | |  3.0
Spellcasting   | |  2.6
Hexes          | |  3.6

Action                   || total
-------------------------++-------
Melee: Dagger            ||   188
       Rapier            ||    12
       Short sword       ||     6
 Cast: Ensorcelled Hiber ||     3
       Corona            ||     2
       Confuse           ||     3
 Stab: Sleeping          ||    14
       Confused          ||     3
Armor: Robe              ||     8
Dodge: Dodged            ||   137

Vanquished Creatures
  An adder (D:2)
  A leopard gecko (D:1)
  5 goblins (D:1)
  7 hobgoblins (D:1)
  3 jackals (D:1)
  7 kobolds
  4 bats
  4 frilled lizards
  7 rats
39 creatures vanquished.
